AoeStats
← Navix de los Bosques de Lituania

Arabia

503524572Analyzed
2v2 RM · 1mo ago on Sep 1, 2026· 92m 15s· 4 players
Game mode
Random Map
Map size
Medium (4 player)
Population
200
Speed
Normal
Resources
Standard
Victory
Conquest
Starting age
Dark Age
Ending age
Imperial Age
RankedLock teamsTeams togetherTeam positionsShared explorationLock speedFull tech treeHidden civsTurbo modeCheats
Victory
Defeat
🇺🇸 Armenians · United States
780
+14
🇺🇸 Franks · United States
720
+17
🇨🇴 Slavs · Colombia
762
-17
723
-15
Navix de los Bosques de Lituania
3:59 Loom
11:13 Feudal Age
11:32 Man-at-Arms
12:10 Arson
12:54 Long Swordsman
14:34 Scale Mail Armor
15:35 Forging
36:12 Wheelbarrow
37:13 Double-Bit Axe
37:18 Gold Mining
43:31 Castle Age
41:31 Horse Collar
44:47 Chain Mail Armor
45:07 Iron Casting
45:47 Squires
45:32 Gambesons
45:08 Two-Handed Swordsman
50:11 Champion
51:30 Hand Cart
52:46 Bow Saw
52:50 Heavy Plow
53:46 Pikeman
55:51 Halberdier
68:23 Ballistics
71:44 Imperial Age
71:24 Masonry
Derzer
11:38 Feudal Age
14:56 Man-at-Arms
17:39 Horse Collar
18:44 Scale Mail Armor
21:31 Forging
23:14 Wheelbarrow
22:31 Double-Bit Axe
24:25 Town Watch
29:42 Castle Age
31:58 Bow Saw
31:51 Heavy Plow
32:32 Iron Casting
31:52 Gold Mining
31:54 Stone Mining
33:44 Husbandry
34:26 Gold Shaft Mining
35:31 Scale Barding Armor
35:47 Bloodlines
39:12 Chain Barding Armor
39:34 Hand Cart
41:22 Detinets
42:11 Town Patrol
48:16 Imperial Age
46:30 Murder Holes
48:48 Elite Boyar
51:21 Plate Barding Armor
52:47 Two-Man Saw
52:19 Crop Rotation
52:29 Conscription
53:41 Hoardings
68:19 Heavy Scorpion
UBERBULLET
11:49 Feudal Age
16:51 Castle Age
25:02 Double-Bit Axe
30:32 Forging
37:41 Stone Mining
40:54 Wheelbarrow
40:50 Scale Barding Armor
43:29 Iron Casting
43:24 Chain Barding Armor
45:52 Caravan
46:36 Fletching
47:15 #83
47:11 Gold Mining
49:16 Hand Cart
53:34 Imperial Age
51:36 Bodkin Arrow
52:12 Masonry
52:06 Scale Mail Armor
52:22 Padded Archer Armor
53:49 Elite Throwing Axeman
54:54 Ballistics
56:09 Blast Furnace
56:02 Cavalier
57:46 Chain Mail Armor
57:32 Pikeman
58:11 Halberdier
65:47 Plate Mail Armor
65:53 Plate Barding Armor
65:33 Leather Archer Armor
66:01 Squires
66:52 Architecture
66:27 Siege Engineers
67:24 Chemistry
66:35 Chivalry
66:55 Conscription
66:46 Paladin
67:25 Murder Holes
74:22 Onager
83:50 Hoardings
AnarchistOwl
0:41 Loom
15:40 Feudal Age
15:40 Man-at-Arms
16:40 Long Swordsman
19:29 Scale Mail Armor
20:15 Forging
21:43 Town Watch
26:57 Castle Age
28:23 Stone Mining
29:26 Wheelbarrow
30:35 Double-Bit Axe
32:16 Fletching
34:20 Bodkin Arrow
37:10 Ballistics
38:02 Murder Holes
41:50 Pikeman
43:13 Padded Archer Armor
43:20 Squires
43:46 Horse Collar
45:04 Leather Archer Armor
45:29 Bow Saw
45:37 Heavy Plow
47:54 Hand Cart
50:08 Two-Handed Swordsman
50:34 Gambesons
51:28 Champion
52:12 Gold Mining
54:37 Chain Mail Armor
54:57 Iron Casting
58:30 Masonry
58:53 Herbal Medicine
62:44 Iron Casting
67:10 Gold Shaft Mining
66:31 Arson
68:11 Town Patrol
71:59 Imperial Age
73:47 Conscription
74:59 Conscription
78:09 Halberdier
85:36 Plate Mail Armor
86:06 Blast Furnace
85:07 Bracer
88:15 Ring Archer Armor
Connection lost

Rejoining the realm…

Still unreachable

The connection could not be restored.

Session expired

The server has moved on; the page needs a fresh start.